 Dungeon Crawl Stone Soup version 0.26-a0-1191-ge2a0e31 (webtiles) character file.

Game seed: 6224246733854122495

629 TheOrbIsALie the Poker (level 7, -2/58 HPs)
             Began as a Minotaur Gladiator on Dec 28, 2020.
             Slain by cpf86's ghost (12 damage)
             ... on level 4 of the Dungeon.
             The game lasted 00:07:09 (3966 turns).

TheOrbIsALie the Poker (Minotaur Gladiator)         Turns: 3966, Time: 00:07:09

Health: -2/58      AC:  4    Str: 20    XL:     7   Next: 23%
Magic:  6/6        EV: 13    Int:  5    God:
Gold:   123        SH:  0    Dex: 12    Spells: 6/6 levels left

rFire    . . .     SeeInvis .   a - +0 trident
rCold    . . .     Faith    .   (no shield)
rNeg     . . .     Spirit   .   b - +1 leather armour
rPois    .         Reflect  .   c - +0 hat
rElec    .         Harm     .   (no cloak)
rCorr    .         Rampage  .   (no gloves)
Will     .....                  (no boots)
Stlth    +.........             i - amulet of the acrobat
HPRegen  0.19/turn              x - ring of flight
MPRegen  0.10/turn              (no ring)

@: sleeping
A: retaliatory headbutt, horns 2
a: Evoke Flight


You were on level 4 of the Dungeon.
You visited 1 branch of the dungeon, and saw 4 of its levels.

You collected 193 gold pieces.
You spent 70 gold pieces at shops.

Inventory:

Hand Weapons
 a - a +0 trident (weapon)
Missiles
 d - 4 throwing nets (quivered)
Armour
 b - a +1 leather armour (worn)
 c - a +0 hat (worn)
Jewellery
 i - an amulet of the acrobat (around neck)
 x - a ring of flight (left hand)
Scrolls
 j - a scroll of fog
 k - 3 scrolls of identify
 n - 2 scrolls of remove curse
 q - 2 scrolls of amnesia
 r - 5 scrolls of enchant armour
 s - a scroll of magic mapping {unknown}
 t - a scroll of fear {unknown}
Potions
 e - a potion of haste {unknown}
 f - 2 potions of flight {unknown}
 g - 3 potions of curing
 h - a potion of mutation {unknown}
 l - a potion of invisibility {unknown}
 m - a potion of heal wounds
 o - a potion of lignification {unknown}
 p - a potion of attraction {unknown}
 u - a potion of berserk rage {unknown}
 v - a potion of might {unknown}
 w - a potion of degeneration {unknown}


   Skills:
 + Level 3.7 Fighting
 + Level 7.7 Polearms
 + Level 2.2 Throwing
 + Level 3.6 Armour
 + Level 4.4 Dodging
 + Level 1.4 Stealth


You had 6 spell levels left.
You didn't know any spells.
Your spell library was empty.

Dungeon Overview and Level Annotations

Branches:
Dungeon (4/15)
 Temple: D:4-7

Altars:
The Shining One

Shops:
D:4 !

Annotations:
D:4 cpf86's ghost, novice SpEn


Innate Abilities, Weirdness & Mutations

You reflexively headbutt those who attack you in melee.
You have a pair of horns on your head.


Message History

* * * LOW HITPOINT WARNING * * *
You closely miss cpf86's ghost. You headbutt cpf86's ghost.
Cpf86's ghost is lightly damaged.
Cpf86's ghost gestures at you while chanting.
You resist with significant effort.
You hit cpf86's ghost.
Cpf86's ghost is moderately damaged.
Cpf86's ghost hits you but does no damage.
You closely miss cpf86's ghost.
Cpf86's ghost is moderately damaged.
Cpf86's ghost hits you.
* * * LOW HITPOINT WARNING * * *
Cpf86's ghost freezes you.
* * * LOW HITPOINT WARNING * * *
You barely miss cpf86's ghost.
Cpf86's ghost is moderately damaged.
Cpf86's ghost points at you and mumbles some strange words.
You fall asleep.
Cpf86's ghost hits you!
You die...

#.........###.............
+........##.##............
#.......##...##........>..
##+#####......##..8..##.W........
#............##..8.8..##...###'##
#..........###..8._.8..###......#
#............##..8.8..##........#
#.............##..8..##.........#
#..............#@...##..##.....##
#.....#####+##.W##.##..###.....##
#.....#......#...###...#.......#.
#.....#......#....#Z...#.......#.
#.....#......#...W#....#.......#.
#.....#......#.........#.......#.
#.....#......#.........#.......'.
#.....#......#.........#.......#.
#.....#......#......=..#.......#.


You could see cpf86's ghost.

Vanquished Creatures
  Menkaure (D:4)
  A phantom (D:3)
  A wyvern skeleton (D:4)
  A hound (D:4)
  An orc priest (D:4)
  A bullfrog skeleton (D:4)
  Jessica (D:3)
  An orc wizard (D:3)
  2 worker ants (D:4)
  A hound skeleton (D:4)
  Robin (D:4)
  A howler monkey skeleton (D:4)
  5 adders
  2 adder skeletons (D:4)
  A dart slug (D:2)
  13 orcs
  2 giant cockroaches
  11 goblins
  8 hobgoblins
  8 jackals
  2 quokkas
  A ball python (D:4)
  6 bats
  11 frilled lizards
  6 kobolds
  A quokka skeleton (D:4)
  9 rats
99 creatures vanquished.

Notes
Turn   | Place    | Note
-------+----------+-------------------------------------------
     0 | D:1      | TheOrbIsALie the Minotaur Gladiator began the quest for the
                  | Orb.
     0 | D:1      | Reached XP level 1. HP: 18/18 MP: 0/0
   181 | D:1      | Reached XP level 2. HP: 25/25 MP: 1/1
   446 | D:1      | Reached skill level 4 in Polearms
  1096 | D:2      | Reached XP level 3. HP: 20/30 MP: 2/2
  1396 | D:2      | Reached skill level 1 in Armour
  1713 | D:3      | Reached XP level 4. HP: 21/37 MP: 3/3
  2137 | D:3      | Reached skill level 5 in Polearms
  2683 | D:3      | Reached XP level 5. HP: 45/45 MP: 4/4
  2809 | D:3      | Noticed Jessica
  2819 | D:3      | Killed Jessica
  2926 | D:4      | Noticed a phantom
  2970 | D:3      | Killed a phantom
  2971 | D:3      | Reached skill level 6 in Polearms
  2971 | D:3      | Reached skill level 1 in Stealth
  3036 | D:4      | Reached XP level 6. HP: 47/51 MP: 5/5
  3342 | D:4      | Found Utsak's Distillery.
  3345 | D:4      | Bought a potion of heal wounds for 70 gold pieces
  3434 | D:4      | Noticed Menkaure
  3446 | D:4      | Killed Menkaure
  3447 | D:4      | Reached skill level 7 in Polearms
  3607 | D:4      | Noticed Robin
  3626 | D:4      | Killed Robin
  3627 | D:4      | Reached XP level 7. HP: 44/57 MP: 6/6
  3747 | D:4      | Found a glowing golden altar of the Shining One.
  3823 | D:4      | Found a runed translucent gate.
  3823 | D:4      | Found a runed translucent gate.
  3823 | D:4      | Found a runed translucent gate.
  3824 | D:4      | Noticed cpf86's ghost (novice SpEn)
  3966 | D:4      | Slain by cpf86's ghost

Illustrated notes

Levels and vault maps discovered:
D:1:      dpeg_arrival_rhombus, layout_basic, minmay_lizard_pond
D:2:      layout_rooms
D:3:      layout_loops_ring, kennysheep_jessica_study
D:4:      layout_gridville, gammafunk_ghost_necromancy, serial_shops,
          kennysheep_mini, tso_metal_star, uniq_robin, uniq_menkaure

Skill      XL: |  1  2  3  4  5  6 |
---------------+-------------------+-----
Polearms       | 4 5 6 7 |  7.7
Armour         | 1 2 3 |  3.6
Fighting       | 3 |  3.7
Dodging        | 4 |  4.4
Stealth        | 1 |  1.4
Throwing       | |  2.2

Action                   |  1- 3 |  4- 6 |  7- 9 || total
-------------------------+-------+-------+-------++-------
Melee: Trident           |   118 |   148 |    43 ||   309
       Headbutt          |    11 |    21 |     2 ||    34
  Use: Scroll            |     4 |     2 |       ||     6
       Potion            |       |     1 |     1 ||     2
Armor: Leather armour    |    15 |    23 |     5 ||    43
Dodge: Dodged            |    62 |    57 |    28 ||   147

Table legend: (Time is in decaauts)
 A = Elapsed time spent in this place.
 B = Non-inter-level travel time spent in this place.
 C = Inter-level travel time spent in this place.
 D = Time resting spent in this place.
 E = Time spent auto-exploring this place.
 F = Levels seen in this place.
 G = Mean time per level.
                   A        B        C        D        E       F      G
               +--------+--------+--------+--------+--------+-----+--------+
         Total |   3992 |   3929 |     63 |    510 |   2803 |   4 |  998.0 |
       Dungeon |   3992 |   3929 |     63 |    510 |   2803 |   4 |  998.0 |
               +--------+--------+--------+--------+--------+-----+--------+

Top non-repeatable levels by time:
     D:3: 1425 daAuts
     D:1: 1049 daAuts
     D:4: 929 daAuts
     D:2: 587 daAuts
